 Seeded DCSS version 0.28.0-53-g5a82cb258f (webtiles) character file.

Game seed: 8544698644698292173 (custom seed)

221 Kranky the Twirler (level 5, -2/43 HPs)
             Began as a Gnoll Wanderer on June 24, 2022.
             Slain by an orc warrior
             ... wielding a +3 short sword
              (5 damage)
             ... on level 3 of the Dungeon.
             The game lasted 00:05:11 (4432 turns).

Kranky the Twirler (Gnoll Wanderer)                 Turns: 4432, Time: 00:05:12

Health: -2/43      AC:  6    Str: 16    XL:     5   Next: 98%
Magic:  9/9        EV: 10    Int: 10    God:
Gold:   134        SH:  0    Dex: 14    Spells: 10/10 levels left

rFire   . . .      SeeInvis .   r - +3 flail "Peurouso" {vorpal, rElec rCorr Dex+4}
rCold   . . .      Faith    .   (no shield)
rNeg    . . .      Spirit   .   l - +0 scale mail
rPois   +          Reflect  .   (no helmet)
rElec   +          Harm     .   e - scarf {repulsion}
rCorr   +          Rampage  .   (no gloves)
Will    .....                   (no boots)
Stlth   +.........              (no amulet)
HPRegen 0.14/turn               m - ring of poison resistance
MPRegen 0.11/turn               (no ring)

@: repel missiles
A: fangs 1, strong nose, distributed training
a: no special abilities


You were on level 3 of the Dungeon.
You visited 1 branch of the dungeon, and saw 4 of its levels.

You collected 134 gold pieces.

Inventory:

Hand Weapons
 a - a +2 spear
 b - a +0 quarterstaff
 i - a +2 dagger of speed
 r - the +3 flail "Peurouso" (weapon) {vorpal, rElec rCorr Dex+4}
   (You found it on level 3 of the Dungeon)

   It inflicts extra damage upon your enemies.
   Dex:       It affects your dexterity (+4).
   rElec:     It insulates you from electricity.
   rCorr:     It protects you from acid and corrosion.
Missiles
 o - 6 poisoned darts (quivered)
Armour
 c - a +0 ring mail
 e - a scarf of repulsion (worn)
 l - a +0 scale mail (worn)
Jewellery
 m - a ring of poison resistance (left hand)
Scrolls
 f - 3 scrolls of identify {unknown}
 g - a scroll of magic mapping {unknown}
 h - 2 scrolls of fear {unknown}
 q - a scroll of amnesia {unknown}
Potions
 d - a potion of attraction {unknown}
 j - a potion of berserk rage {unknown}
 k - a potion of degeneration {unknown}
 n - a potion of lignification {unknown}
 p - a potion of magic {unknown}
 s - a potion of brilliance {unknown}
 t - a potion of heal wounds {unknown}


   Skills:
 + Level 4.9 Fighting
 + Level 1.7 Short Blades
 + Level 1.7 Long Blades
 + Level 1.7 Axes
 + Level 1.7 Maces & Flails
 + Level 6.7 Polearms
 + Level 6.7 Staves
 + Level 1.7 Slings
 + Level 1.7 Bows
 + Level 1.7 Crossbows
 + Level 1.7 Throwing
 + Level 3.1 Armour
 + Level 1.7 Dodging
 + Level 1.7 Stealth
 + Level 1.7 Shields
 + Level 1.7 Unarmed Combat
 + Level 3.3 Spellcasting
 + Level 1.3 Conjurations
 + Level 1.3 Hexes
 + Level 1.3 Summonings
 + Level 1.3 Necromancy
 + Level 1.3 Translocations
 + Level 1.3 Transmutations
 + Level 1.3 Fire Magic
 + Level 1.3 Ice Magic
 + Level 1.3 Air Magic
 + Level 1.3 Earth Magic
 + Level 1.3 Poison Magic
 + Level 1.9 Invocations
 + Level 1.7 Evocations


You had 10 spell levels left.
You didn't know any spells.
Your spell library contained the following spells:

 Spells                   Type           Power      Damage    Failure   Level
 Freeze                   Ice            16%        1d4       50%         1
 Frozen Ramparts          Ice            8%         1d2       86%         3
 Hailstorm                Conj/Ice       4%         3d4       99%         4


Dungeon Overview and Level Annotations

Branches:
Dungeon (4/15)
 Temple: D:4-7

Altars:
Gozag
Nemelex Xobeh


Innate Abilities, Weirdness & Mutations

You have very sharp teeth.
Your uncanny sense of smell can sniff out nearby items.
Your experience applies equally to all skills.


Message History

r - Retreat! s - Stop attacking. g - Guard the area. f - Follow me.
Anything else - Cancel.
You bark for attention!
You start waiting.
Done waiting.
You start waiting.
An orc warrior is nearby!
The orc warrior shouts!
You hear a shout! x2
There is a stone staircase leading up, spattered with blood here.
You start waiting.
An orc warrior is nearby!
You hit the orc warrior. Your bite misses the orc warrior.
The orc warrior is lightly wounded.
The orc warrior hits you but does no damage.
The orc warrior hits you with a +3 short sword.
The orc warrior hits you with a +3 short sword.
You climb upwards.
There is a stone staircase leading down here.
You hit the orc warrior.
The orc warrior is moderately wounded.
The orc warrior closely misses you.
You hit the orc warrior but do no damage.
The orc warrior is moderately wounded.
The orc warrior hits you with a +3 short sword.
You barely miss the orc warrior.
The orc warrior is moderately wounded.
The orc warrior hits you with a +3 short sword. x2
You hit the orc warrior but do no damage.
The orc warrior is moderately wounded.
The orc warrior hits you with a +3 short sword!
You hit the orc warrior but do no damage.
The orc warrior is moderately wounded.
The orc warrior hits you with a +3 short sword!
* * * LOW HITPOINT WARNING * * *
The orc warrior closely misses you.
The orc warrior hits you with a +3 short sword!
* * * LOW HITPOINT WARNING * * *
The orc warrior hits you with a +3 short sword.
You die...

##.#..## #..........#
##.#..##########..####.#..###
##.#....)))...##...........<#
##.##.##########..####.#..###
##.##.# #...........# #.##.#
##..####.#.## #.##.###
#.........#### ##.##...#####
#.o#.........#
............####@.#.###.###.#
#######...........#.#....[#.#
###########...#.....#.#
#...........# #...#..>..#.#
##..#.....#.# #..###.###.#
#..........# #.......####


You could see an orc warrior.

Vanquished Creatures
  A bullfrog skeleton (D:4)
  2 orc wizards (D:3)
  4 gnolls (D:3)
  4 adders
  2 worms (D:2)
  3 dart slugs
  3 orcs (D:3)
  2 endoplasms
  2 giant cockroaches (D:1)
  7 goblins
  9 hobgoblins
  4 jackals (D:4)
  5 kobolds
  4 quokkas
  6 ball pythons
  3 bats
  A frilled lizard (D:3)
  5 rats
67 creatures vanquished.

Notes
Turn   | Place    | Note
-------+----------+-------------------------------------------
     0 | D:1      | Kranky the Gnoll Wanderer began the quest for the Orb.
     0 | D:1      | Kranky set off with the following items: a +2 spear, a +0
                  | quarterstaff, a +0 ring mail
     0 | D:1      | Reached XP level 1. HP: 20/20 MP: 4/4
    14 | D:1      | Found a faded altar of an unknown god.
   196 | D:1      | Reached XP level 2. HP: 26/26 MP: 5/5
   633 | D:1      | Reached XP level 3. HP: 31/31 MP: 7/7
  1167 | D:1      | Reached skill level 1 in Invocations
  1722 | D:2      | Reached skill level 1 in Short Blades
  1722 | D:2      | Reached skill level 1 in Long Blades
  1722 | D:2      | Reached skill level 1 in Axes
  1722 | D:2      | Reached skill level 1 in Maces & Flails
  1722 | D:2      | Reached skill level 1 in Slings
  1722 | D:2      | Reached skill level 1 in Bows
  1722 | D:2      | Reached skill level 1 in Crossbows
  1722 | D:2      | Reached skill level 1 in Throwing
  1722 | D:2      | Reached skill level 1 in Dodging
  1722 | D:2      | Reached skill level 1 in Stealth
  1722 | D:2      | Reached skill level 1 in Shields
  1722 | D:2      | Reached skill level 1 in Unarmed Combat
  1722 | D:2      | Reached skill level 1 in Evocations
  2103 | D:2      | Reached XP level 4. HP: 38/38 MP: 8/8
  2254 | D:3      | Reached skill level 1 in Conjurations
  2254 | D:3      | Reached skill level 1 in Hexes
  2254 | D:3      | Reached skill level 1 in Summonings
  2254 | D:3      | Reached skill level 1 in Necromancy
  2254 | D:3      | Reached skill level 1 in Translocations
  2254 | D:3      | Reached skill level 1 in Transmutations
  2254 | D:3      | Reached skill level 1 in Fire Magic
  2254 | D:3      | Reached skill level 1 in Ice Magic
  2254 | D:3      | Reached skill level 1 in Air Magic
  2254 | D:3      | Reached skill level 1 in Earth Magic
  2254 | D:3      | Reached skill level 1 in Poison Magic
  2587 | D:3      | Identified the +3 flail "Peurouso" {vorpal, rElec rCorr
                  | Dex+4}
  2634 | D:3      | Reached XP level 5. HP: 43/43 MP: 9/9
  3194 | D:3      | Found a sparkling altar of Nemelex Xobeh.
  3690 | D:3      | Found an opulent altar of Gozag.
  3775 | D:4      | Noticed an orc warrior
  4426 | D:3      | HP: 2/43 [orc warrior/+3 short sword (10)]
  4432 | D:3      | Slain by an orc warrior

Illustrated notes

Levels and vault maps discovered:
D:1:      lemuel_arrival_hallway, layout_loops_corners,
          hellmonk_ecumenical_altar_crossroads
D:2:      layout_loops_ring, minivault_4
D:3:      layout_basic, mainiacjoe_overflow_boulevard, lemuel_round_altar,
          amcnicky_mini_rare_corridor_liquid, st_stairs_3,
          kennysheep_generic_room_16
D:4:      layout_cave_pools, nicolae_tso_carved_into_rock,
          gammafunk_temple_overflow_wave, minmay_temple_entry_grid,
          uniq_sigmund, uniq_grinder

Skill      XL: |  1  2  3  4  5 |
---------------+----------------+-----
Invocations    | 1 |  1.9
Short Blades   | 1 |  1.7
Long Blades    | 1 |  1.7
Axes           | 1 |  1.7
Maces & Flails | 1 |  1.7
Slings         | 1 |  1.7
Bows           | 1 |  1.7
Crossbows      | 1 |  1.7
Throwing       | 1 |  1.7
Dodging        | 1 |  1.7
Stealth        | 1 |  1.7
Shields        | 1 |  1.7
Unarmed Combat | 1 |  1.7
Evocations     | 1 |  1.7
Spellcasting   | 3 |  3.3
Conjurations   | 1 |  1.3
Hexes          | 1 |  1.3
Summonings     | 1 |  1.3
Necromancy     | 1 |  1.3
Translocations | 1 |  1.3
Transmutations | 1 |  1.3
Fire Magic     | 1 |  1.3
Ice Magic      | 1 |  1.3
Air Magic      | 1 |  1.3
Earth Magic    | 1 |  1.3
Poison Magic   | 1 |  1.3
Armour         | 3 |  3.1
Fighting       | |  4.9
Polearms       | |  6.7
Staves         | |  6.7

Action                   |  1- 3 |  4- 6 || total
-------------------------+-------+-------++-------
Melee: Spear             |    39 |       ||    39
       Bite              |    15 |    11 ||    26
       Dagger            |   101 |    79 ||   180
       Punch             |     1 |       ||     1
       Flail             |       |    51 ||    51
Armor: Ring mail         |    37 |       ||    37
       Scale mail        |     4 |    45 ||    49
Dodge: Dodged            |    58 |    47 ||   105
       Repelled          |     1 |     2 ||     3
